 Dungeon Crawl Stone Soup version 0.22-a0-392-g5dc3fd9 (webtiles) character file.

1198 Falco the Digger (level 8, 0/67 HPs)
             Began as a Deep Dwarf Earth Elementalist on May 2, 2018.
             Was an Initiate of Elyvilon.
             Slain by a two-headed ogre
             ... wielding a +0 giant club
              (21 damage)
             ... on level 7 of the Dungeon.
             The game lasted 00:43:41 (4572 turns).

Falco the Digger (Deep Dwarf Earth Elementalist)    Turns: 4572, Time: 00:43:42

Health: 0/67       AC:  6    Str: 13    XL:     8   Next: 20%
Magic:  0/13       EV: 12    Int: 17    God:    Elyvilon [......]
Gold:   207        SH:  0    Dex: 13    Spells: 2/15 levels left

rFire    . . .     SeeInvis .   b - +0 hunting sling
rCold    . . .     Gourm    .   (no shield)
rNeg     . . .     Faith    .   A - +0 leather armour (curse)
rPois    .         Spirit   .   (no helmet)
rElec    .         Reflect  .   q - +1 cloak
rCorr    .         Harm     .   (no gloves)
MR       +....                  y - +0 pair of boots
Stlth    ++........             (no amulet)
HPRegen  0.00/turn              (no ring)
MPRegen  0.13/turn              (no ring)

@: non-regenerating, drained
A: damage resistance, heal wounds, sense surroundings 1, no regeneration
a: Heal Wounds, Renounce Religion


You were on level 7 of the Dungeon.
You worshipped Elyvilon.
Elyvilon was noncommittal.
You were not hungry.

You visited 1 branch of the dungeon, and saw 7 of its levels.

You collected 207 gold pieces.

Inventory:

Hand Weapons
 a - a +0 war axe
 b - a +0 hunting sling (weapon)
 h - a +0 halberd of chopping
 m - a +3 flail
 p - a +4 quarterstaff of chaos
 E - a +0 hand axe
 F - a cursed -2 short sword
 H - a cursed -3 spear
Missiles
 f - 79 stones (quivered)
 k - 6 tomahawks
 o - 46 poisoned needles
 G - a throwing net
Armour
 c - a +0 robe
 i - a +0 scale mail
 q - a +1 cloak (worn)
 y - a +0 pair of boots (worn)
 A - a cursed +0 leather armour (worn)
 D - the +1 robe of Unreason {MR+ Int-3 Dex+6 SInv, unknown}
   (You found it on level 5 of the Dungeon)

   It affects your intelligence (-3).
   It affects your dexterity (+6).
   It affects your resistance to hostile enchantments.
   It lets you see invisible.
Jewellery
 B - a cursed -2 ring of protection {unknown}
Scrolls
 g - 2 scrolls of magic mapping
 l - a scroll of blinking {unknown}
 n - 2 scrolls of immolation
 s - a scroll of holy word {unknown}
 w - 2 scrolls of fog
Potions
 e - a potion of degeneration {unknown}
 j - a potion of might {unknown}
 r - 2 potions of flight {unknown}
 t - a potion of haste {unknown}
 v - a potion of mutation {unknown}
 x - a potion of invisibility {unknown}
 C - a potion of agility {unknown}
Comestibles
 d - 6 rations


   Skills:
 + Level 1.8(1.3) Fighting
 * Level 3.6(3.0) Axes
 + Level 4.7(4.2) Slings
 + Level 2.7(2.1) Armour
 + Level 2.5(1.9) Dodging
 + Level 2.6(2.1) Stealth
 + Level 4.2(3.6) Spellcasting
 + Level 0.2(0.0) Conjurations
 + Level 0.8(0.3) Transmutations
 + Level 7.6(7.0) Earth Magic


You had 2 spell levels left.
You knew the following spells:

 Your Spells              Type           Power        Failure   Level  Hunger
a - Sandblast             Erth           ####..       1%          1    None
b - Passwall              Tmut/Erth      ###.......   7%          2    ##.....
c - Stone Arrow           Conj/Erth      ##....       16%         3    ###....
d - Magic Dart            Conj           #...         22%         1    None
e - Blink                 Tloc           N/A          32%         2    ##.....
f - Call Imp              Summ           #.......     32%         2    ##.....
g - Slow                  Hex            #.......     32%         2    ##.....


Dungeon Overview and Level Annotations

Branches:
Dungeon (7/15)
 Temple: D:4-7

Altars:
Ashenzari
Elyvilon
Nemelex Xobeh
Okawaru
Sif Muna
Trog
Vehumet

Shops:
D:5 :

Annotations:
D:6 garrulousMonolith's ghost, novice HOFi


Innate Abilities, Weirdness & Mutations

You are resistant to damage.
You can heal yourself by infusing magical energy.
You passively map a small area around you.
You do not regenerate.


Message History

Casting: Sandblast (safe; 1% risk of failure)
Confirm with . or Enter, or press ? or * to list all spells.
Aiming: Sandblast (safe; 1% risk of failure)
Press: ? - help, Shift-Dir - straight line, f - two-headed ogre
Aim: a two-headed ogre, wielding a giant club and a great mace The blast of sand hits the two-headed ogre.
The two-headed ogre is lightly wounded.
f - 80 stones
There is a stone staircase leading up here.
Items here: ))) [[ †
Casting: Sandblast (safe; 1% risk of failure)
Confirm with . or Enter, or press ? or * to list all spells.
Aiming: Sandblast (safe; 1% risk of failure)
Press: ? - help, Shift-Dir - straight line, f/p - two-headed ogre
Aim: a two-headed ogre, wielding a giant club and a great mace (lightly wounded)
The blast of sand hits the two-headed ogre.
The two-headed ogre is moderately wounded.
f - 79 stones The two-headed ogre hits you with a giant club!!
You die...

* * * * * #+# , * #
#.# , ,* #. #.#
##§###.###########
.§§§§§§.......(...,
* .§§§§§.§.#.##.###
, ,.§§.§.)##.# , ,
§§§.#§§@O.# ,
..?.§§....#### ,
.....###.## * ...##
#.# ,* .. #.. , #*
#.#** * #.# , #.# *


You could see a two-headed ogre.

Vanquished Creatures
  A sky beast (D:5)
  An ogre (D:4)
  A bullfrog (D:6)
  3 wights (D:7)
  2 crimson imps
  A bullfrog skeleton (D:4)
  A hound (D:6)
  3 orc priests
  Crazy Yiuf (D:2)
  3 orc wizards
  A quasit (D:6)
  4 worker ants (D:4)
  An iguana (D:4)
  A mummy (D:7)
  11 gnolls
  13 adders
  2 shadow imps (D:5)
  An ooze (D:4)
  2 dart slugs (D:2)
  A leopard gecko (D:2)
  18 orcs
  A giant cockroach (D:4)
  5 goblins
  5 hobgoblins
  4 jackals (D:4)
  7 kobolds
  A quokka (D:2)
  A ball python (D:2)
  4 bats
  A frilled lizard (D:4)
  A leopard gecko skeleton (D:6)
  3 rats
105 creatures vanquished.

Vanquished Creatures (others)
  A quokka (D:7)
1 creature vanquished.

Grand Total: 106 creatures vanquished

Notes
Turn   | Place    | Note
-------+----------+-------------------------------------------
     0 | D:1      | Falco the Deep Dwarf Earth Elementalist began the quest for the Orb.
     0 | D:1      | Reached XP level 1. HP: 15/15 MP: 3/3
   287 | D:1      | Reached XP level 2. HP: 22/22 MP: 4/4
   498 | D:1      | Learned a level 2 spell: Passwall
   611 | D:2      | Reached XP level 3. HP: 25/28 MP: 1/6
   718 | D:2      | Reached skill level 5 in Earth Magic
   800 | D:2      | Reached skill level 1 in Slings
   800 | D:2      | Reached XP level 4. HP: 27/37 MP: 1/7
  1132 | D:2      | Found a runed door.
  1136 | D:2      | Noticed Crazy Yiuf
  1142 | D:2      | Killed Crazy Yiuf
  1527 | D:3      | Reached XP level 5. HP: 43/43 MP: 5/8
  1532 | D:3      | Reached skill level 1 in Fighting
  1612 | D:3      | Learned a level 3 spell: Stone Arrow
  1832 | D:3      | Found a sparkling altar of Nemelex Xobeh.
  2163 | D:3      | Found a deep blue altar of Sif Muna.
  2163 | D:3      | Found a shattered altar of Ashenzari.
  2346 | D:4      | Reached XP level 6. HP: 35/51 MP: 10/10
  2415 | D:4      | Found an iron altar of Okawaru.
  2668 | D:4      | Reached skill level 6 in Earth Magic
  2735 | D:4      | Reached skill level 1 in Armour
  2893 | D:4      | Reached skill level 1 in Axes
  2991 | D:4      | Found a bloodstained altar of Trog.
  3103 | D:4      | Found a radiant altar of Vehumet.
  3126 | D:4      | Reached XP level 7. HP: 30/58 MP: 2/11
  3464 | D:5      | Entered Level 5 of the Dungeon
  3568 | D:5      | Found Jiplarcha's Book Shoppe.
  3601 | D:5      | Got a fine robe
  3857 | D:5      | Reached skill level 7 in Earth Magic
  4229 | D:6      | Noticed garrulousMonolith's ghost (novice HOFi)
  4385 | D:6      | Learned a level 1 spell: Magic Dart
  4388 | D:6      | Learned a level 2 spell: Blink
  4391 | D:6      | Learned a level 2 spell: Call Imp
  4394 | D:6      | Learned a level 2 spell: Slow
  4415 | D:6      | Found a white marble altar of Elyvilon.
  4426 | D:6      | Reached XP level 8. HP: 44/67 MP: 7/14
  4433 | D:6      | Became a worshipper of Elyvilon the Healer
  4558 | D:7      | Noticed a two-headed ogre
  4572 | D:7      | Slain by a two-headed ogre

Vault maps used:
D:1:      scummos_arrival_simple_crosswalls
D:2:      uniq_crazy_yiuf_cottage
D:3:      nemelex_xobeh_ov_fountains_minmay, amethyst_overflow_temple_binary,
          first_ration
D:4:      marbit_many_paths, bloody_trog, nicolae_overflow_crystal_walls
D:5:      serial_shops, shop_fountains
D:6:      chequers_temple_overflow_minitemple, basic_altar, minmay_misc_feat_iff
D:7:      nicolae_overflow_hidden_temple, elyvilon_altar_4, grunt_qazlal_clouds,
          minmay_temple_entry_crystal_x, basic_altar, serial_undead,
          serial_undead_c, serial_undead_f, serial_undead_d, serial_undead_b,
          serial_undead_a, serial_undead_e, serial_undead_b, serial_undead_a,
          serial_undead_c, serial_undead_b

Skill      XL: |  1  2  3  4  5  6  7  8 |
---------------+-------------------------+-----
Spellcasting   | 2 3 4 |  4.2
Earth Magic    | 5 6 7 |  7.6
Slings         | 1 2 3 4 |  4.7
Fighting       | 1 |  1.8
Armour         | 2 |  2.7
Axes           | 1 2 3 |  3.6
Dodging        | |  2.5
Stealth        | |  2.6
Conjurations   | |  0.2
Transmutations | |  0.8

Action                   |  1- 3 |  4- 6 |  7- 9 || total
-------------------------+-------+-------+-------++-------
Melee: Halberd           |       |    20 |       ||    20
       Hand axe          |       |    98 |       ||    98
       War axe           |       |       |    24 ||    24
 Fire: Hunting sling     |    39 |    64 |    39 ||   142
Throw: Stone             |       |       |     1 ||     1
 Cast: Sandblast         |    29 |    53 |    54 ||   136
       Stone Arrow       |       |     1 |     7 ||     8
       Blink             |       |       |     1 ||     1
 Abil: Heal Wounds       |       |     4 |     6 ||    10
  Use: Scroll            |       |     5 |     4 ||     9
  Eat: Ration            |       |     3 |     1 ||     4
Armor: Robe              |     2 |     3 |       ||     5
       Scale mail        |       |    62 |       ||    62
       Leather armour    |       |       |     9 ||     9
Dodge: Dodged            |     4 |    75 |    35 ||   114

Table legend:
 A = Spawn XP
 B = Non-spawn XP
 C = Spawn XP percentage of total XP
 D = Spawn monster count
 E = Non-spawn monster count
 F = Spawn count percentage of total count
 G = Total turns spent on level
                    A         B        C        D         E        F      G
               +---------+---------+-------+---------+---------+-------+---------
         Total |       0 |    1712 |   0.0 |       0 |     105 |   0.0 |  4572
               +---------+---------+-------+---------+---------+-------+---------
           D:1 |       0 |      19 |   0.0 |       0 |      11 |   0.0 |   573
           D:2 |       0 |     164 |   0.0 |       0 |      23 |   0.0 |   947
           D:3 |       0 |     195 |   0.0 |       0 |      14 |   0.0 |   813
           D:4 |       0 |     523 |   0.0 |       0 |      30 |   0.0 |  1131
           D:5 |       0 |     313 |   0.0 |       0 |      13 |   0.0 |   821
           D:6 |       0 |     244 |   0.0 |       0 |       6 |   0.0 |   182
           D:7 |       0 |     254 |   0.0 |       0 |       8 |   0.0 |   105
               +---------+---------+-------+---------+---------+-------+---------
